Map: Overgrowth LE (Void)

Players

Naloch

  • Race: Zerg Zerg
  • League: Platinum
  • Spawn Location: 1:00

Amix - Winner!

  • Race: Zerg Zerg
  • League: Gold
  • Spawn Location: 7:00

VOD

Have the link to the VOD?

Description

Time

  • Played on: Nov. 28, 2016, 10:59 a.m.
  • Length: 6:30
Show
View Real Time Build Order
Export as new Build Order

Naloch Zerg 

Build Orders: Hatch First 

Get SALT Encoding   

  12  0:04  Drone  
  13  0:12  Overlord  
  13  0:18  Drone  
  14  0:30  Drone  
  14  0:31  Drone  
  16  0:38  Drone  
  17  0:49  Drone  
  18  0:59  Drone, Hatchery  
  18  1:02  Extractor  
  17  1:14  Spawning Pool  
  16  1:19  Drone  
  16  1:22  Drone  
  18  1:30  Drone  
  19  1:41  Overlord  
  19  2:01  Queen  
  21  2:05  Zergling x4  
  23  2:16  Zergling x4  
  23  2:19  Queen  
  24  2:37  Zergling x4  
  24  2:47  Spine Crawler  
  23  2:58  Zergling x4  
  23  2:59  Spine Crawler  
  23  3:04  Metabolic Boost  
  22  3:13  Zergling x4  
  22  3:19  Zergling x2  
  25  3:34  Roach Warren  
  25  3:38  Drone x2  
  25  3:40  Drone  
  27  3:51  Drone x2  
  27  3:52  Drone  
  30  4:00  Overlord  
  15  4:26  Zergling x6  
  12  5:04  Zergling x2  
  11  5:22  Drone x2  
  13  5:31  Drone  
  14  5:40  Drone  
  15  5:48  Drone  
  16  5:56  Drone  
  17  6:01  Drone  
  18  6:07  Drone  
  19  6:11  Drone  
Show
View Real Time Build Order
Export as new Build Order

Amix Zerg - Winner!

Build Orders: Pool First 

Get SALT Encoding   

  12  0:01  Drone  
  13  0:22  Spawning Pool  
  13  0:26  Drone  
  13  0:30  Drone  
  13  0:35  Extractor  
  13  0:37  Drone  
  14  0:46  Overlord  
  14  1:09  Zergling x4  
  14  1:10  Zergling x2  
  17  1:20  Zergling x2  
  17  1:23  Queen  
  20  1:31  Zergling x2  
  21  1:39  Baneling Nest  
  20  1:42  Zergling x2  
  21  1:53  Overlord  
  22  2:08  Zergling x2  
  22  2:31  Zergling x4  
  22  2:46  Zergling x6, Burrow  
  22  2:49  Metabolic Boost  
  25  2:53  Zergling x2  
  26  2:59  Baneling  
  26  3:12  Baneling  
  26  3:14  Zergling x4  
  28  3:20  Baneling  
  28  3:29  Baneling  
  28  3:33  Drone  
  28  3:34  Zergling x2  
  30  3:38  Baneling  
  30  3:46  Overlord  
  24  4:17  Zergling x6  
  24  4:18  Zergling x4  
  29  4:26  Queen  
  25  4:45  Zergling x4  
  25  4:53  Drone  
  25  5:00  Drone x2  
  25  5:01  Evolution Chamber  
  25  5:06  Hatchery  
  21  5:10  Zergling x4  
  23  5:16  Zergling x2  
  24  5:22  Baneling x3  
  24  5:24  Baneling  
  24  5:29  Zergling x2  
  25  5:36  Zergling x4  
  25  5:41  Zergling x2  
  28  5:48  Zergling x2  
  29  5:53  Baneling x2  
  29  5:58  Zergling x4  
Tags
 
Add a new tag
Caveats
  • Supply blocks, unpowered buildings, or Contaminate may cause inaccurate times.
  • Supply counts are checked every 10 seconds.